 Dungeon Crawl Stone Soup version 0.29-a0-775-g4d7333d4e2 (webtiles) character file.

Game seed: 12874769495688034702

126 bnnt9616 the Trooper (level 4, 0/37 HPs)
             Began as a Demonspawn Monk on July 1, 2022.
             Splashed by a jelly's acid (4 damage)
             ... on level 4 of the Dungeon.
             The game lasted 00:05:38 (3737 turns).

bnnt9616 the Trooper (Demonspawn Monk)              Turns: 3737, Time: 00:05:38

Health: 0/37       AC: -9    Str: 11    XL:     4   Next: 83%
Magic:  4/4        EV: 13    Int: 12    God:
Gold:   142        SH: 10    Dex: 17    Spells: 3/3 levels left

rFire   . . .      SeeInvis .     - Unarmed
rCold   . . .      Faith    .   u - +2 buckler
rNeg    . . .      Spirit   .   a - +0 robe
rPois   .          Reflect  .   p - +0 helmet
rElec   .          Harm     .   (no cloak)
rCorr   .          Rampage  .   (no gloves)
Will    .....                   (no boots)
Stlth   ++........              (no amulet)
HPRegen 0.12/turn               (no ring)
MPRegen 0.09/turn               (no ring)

@: corroded
A: large bone plates 1, weakness stinger 1
a: no special abilities


You were on level 4 of the Dungeon.
You visited 1 branch of the dungeon, and saw 4 of its levels.

You collected 142 gold pieces.

Inventory:

Armour
 a - a +0 robe (worn)
 p - a +0 helmet (worn)
 u - a +2 buckler (worn)
Wands
 c - a wand of digging (9)
Scrolls
 d - 2 scrolls of noise {unknown}
 f - 5 scrolls of teleportation {unknown}
 g - a scroll of brand weapon {unknown}
 h - a scroll of enchant armour {unknown}
 l - a scroll of amnesia {unknown}
 n - 3 scrolls of identify {unknown}
 o - 2 scrolls of poison {unknown}
 q - a scroll of vulnerability {unknown}
 r - a scroll of fear {unknown}
Potions
 b - a potion of ambrosia
 e - 2 potions of heal wounds {unknown}
 i - 6 potions of curing {unknown}
 j - a potion of mutation {unknown}
 k - a potion of flight {unknown}
 m - 2 potions of might {unknown}
 s - a potion of lignification {unknown}
 t - a potion of degeneration {unknown}


   Skills:
 * Level 4.1 Fighting
 + Level 3.5 Dodging
 - Level 1.7 Stealth
 * Level 1.8 Shields
 * Level 3.0 Unarmed Combat


You had 3 spell levels left.
You didn't know any spells.
Your spell library contained the following spells:

 Spells                   Type           Power      Damage    Failure   Level
 Sublimation of Blood     Necr           0%         N/A       54%         2
 Petrify                  Tmut/Erth      0%         N/A       99%         4
 Irradiate                Conj/Tmut      0%         3d13      100%        5


Dungeon Overview and Level Annotations

Branches:
Dungeon (4/15)
 Temple: D:4-7

Altars:

Shops:
D:1 ?


Innate Abilities, Weirdness & Mutations

You are partially covered in large bone plates. (SH +4)
You have a small tail.


Message History

u - a +2 buckler You start removing your armour.
You continue taking off your +0 buckler. x4
You finish taking off your +0 buckler.
You start putting on your armour.
You continue putting on your +2 buckler. x5
You finish putting on your +2 buckler.
You drop a +0 buckler.
HP restored.
You see here a hobgoblin corpse.
n - 2 scrolls labelled ZAALIU PEUR (gained 1)
A goblin comes into view. It is wielding a +0 dagger.
You see here a scroll labelled ZAALIU PEUR.
The helpless goblin fails to defend itself.
You hit the goblin.
You kill the goblin!
Things that are here:
a +0 dagger; a goblin corpse
n - 3 scrolls labelled ZAALIU PEUR (gained 1)
c - a wand of digging (9)
A goblin and a jelly come into view.
Found a book of Conjurations.
The helpless jelly fails to defend itself.
You hit the jelly.
Your hands burn!
You tail-slap the jelly.
The jelly is lightly wounded.
The jelly hits you. The acid corrodes you!
You are splashed with acid!
You hit the jelly. The acid corrodes you!
Your hands burn!
The jelly is moderately wounded.
The goblin shouts!
You block the jelly's attack.
You hit the jelly but do no damage.
Your hands burn!
You tail-slap the jelly.
The jelly is heavily wounded.
You block the jelly's attack.
You hit the jelly but do no damage.
Your hands burn!
The jelly is heavily wounded.
The jelly hits you. The acid corrodes you!
You are splashed with acid!
* * * LOW HITPOINT WARNING * * *
The goblin misses you.
You hit the jelly but do no damage. The acid corrodes you!
Your hands burn!
You die...

........................
........##.##...........
..............##........
........................
#.....##.........#####..
..##..####.......# # .
...##.# ##......###.# ..
..# #...........#... ..
##......@.......
#......gJ...:..
#..#...........
#..#........###
.....#...#....#
.........##.###
.......## .# ....... ##


You could see a jelly and a goblin.

Vanquished Creatures
  A gnoll (D:2)
  5 adders
  A worm (D:2)
  A dart slug (D:1)
  2 orcs (D:3)
  12 endoplasms
  A giant cockroach (D:2)
  6 goblins
  4 hobgoblins
  3 jackals
  4 kobolds
  3 quokkas
  7 ball pythons
  3 bats
  2 frilled lizards (D:2)
  4 rats
59 creatures vanquished.

Notes
Turn   | Place    | Note
-------+----------+-------------------------------------------
     0 | D:1      | bnnt9616 the Demonspawn Monk began the quest for the Orb.
     0 | D:1      | Reached XP level 1. HP: 18/18 MP: 1/1
    48 | D:1      | Found Jophijit's Magic Scroll Shoppe.
   514 | D:1      | Gained mutation: You are partially covered in large bone
                  | plates. (SH +4) [demonic ancestry]
   514 | D:1      | Reached XP level 2. HP: 19/24 MP: 2/2
  1208 | D:2      | Gained mutation: You have a small tail. [demonic ancestry]
  1208 | D:2      | Reached XP level 3. HP: 10/29 MP: 3/3
  1433 | D:2      | Reached skill level 1 in Shields
  2437 | D:2      | Found a faded altar of an unknown god.
  2506 | D:2      | Reached XP level 4. HP: 32/37 MP: 4/4
  3044 | D:3      | Reached skill level 4 in Fighting
  3737 | D:4      | Splashed by a jelly's acid

Illustrated notes

Levels and vault maps discovered:
D:1:      noname_arrival_rooms_in_the_neighbourhood, layout_basic, serial_shops,
          shop_scrolls
D:2:      minmay_recursive_quarters, layout_loops_cross,
          shapermc_ecumenical_altar_totnotflames, grunt_decor_arrowhead
D:3:      layout_loops_ring
D:4:      layout_cave_pools

Skill      XL: |  1  2  3  4 |
---------------+-------------+-----
Dodging        | 3 |  3.5
Shields        | 1 |  1.8
Fighting       | 4 |  4.1
Unarmed Combat | 3 |  3.0
Stealth        | |  1.7

Action                   |  1- 3 |  4- 6 || total
-------------------------+-------+-------++-------
Melee: Unarmed           |   125 |    75 ||   200
       Tailslap          |     9 |    15 ||    24
 Stab: Sleeping          |     1 |     5 ||     6
       Distracted        |     1 |       ||     1
Armor: Robe              |     9 |    10 ||    19
Dodge: Dodged            |    50 |    36 ||    86
Block: Buckler           |    42 |    32 ||    74

Table legend: (Time is in decaauts)
 A = Elapsed time spent in this place.
 B = Non-inter-level travel time spent in this place.
 C = Inter-level travel time spent in this place.
 D = Time resting spent in this place.
 E = Time spent auto-exploring this place.
 F = Levels seen in this place.
 G = Mean time per level.
                   A        B        C        D        E       F      G
               +--------+--------+--------+--------+--------+-----+--------+
         Total |   3736 |   3671 |     65 |      0 |   3082 |   4 |  934.0 |
       Dungeon |   3736 |   3671 |     65 |      0 |   3082 |   4 |  934.0 |
               +--------+--------+--------+--------+--------+-----+--------+

Top non-repeatable levels by time:
     D:2: 1788 daAuts
     D:1: 1135 daAuts
     D:3: 639 daAuts
     D:4: 172 daAuts
